Map: Cactus Valley LE (Void)

Players

Musumeci

  • Race: Zerg Zerg
  • League: Diamond
  • Spawn Location: 7:00

TimeSeries - Winner!

  • Race: Zerg Zerg
  • League: Diamond
  • Spawn Location: 1:00

VOD

Have the link to the VOD?

Description

Time

  • Played on: Feb. 11, 2017, 4:11 p.m.
  • Length: 9:20
Show
View Real Time Build Order
Export as new Build Order

Musumeci Zerg 

Build Orders: Pool First 

Get SALT Encoding   

  12  0:00  Drone  
  13  0:08  Drone  
  14  0:16  Extractor  
  14  0:18  Drone  
  15  0:22  Overlord  
  15  0:40  Drone  
  15  0:41  Drone  
  17  0:50  Spawning Pool  
  17  0:51  Drone  
  17  0:52  Extractor  
  16  1:17  Hatchery  
  15  1:24  Drone  
  15  1:25  Drone  
  17  1:28  Drone  
  18  1:40  Zergling x2  
  18  1:42  Evolution Chamber  
  19  1:49  Spine Crawler  
  19  1:50  Zergling x2  
  19  1:55  Spine Crawler  
  18  2:02  Metabolic Boost  
  19  2:10  Zergling x4  
  16  2:40  Zergling x2  
  16  2:41  Zergling x6  
  20  3:22  Zergling x2  
  20  3:23  Zergling x10  
  23  3:48  Zergling x2, Baneling Nest  
  22  3:49  Zergling x6  
  22  3:52  Queen  
  26  4:14  Drone  
  27  4:40  Baneling x6  
  27  4:42  Zergling x2  
  27  4:44  Overlord  
  28  5:02  Queen  
  25  5:19  Zergling x14  
  32  5:23  Baneling  
  31  5:30  Evolution Chamber  
  29  5:37  Drone  
  30  5:52  Zergling x6  
  33  6:08  Zerg Ground Armor Level 1  
  33  6:16  Drone  
  34  6:25  Drone  
  35  6:49  Overlord  
  35  6:50  Overlord  
  35  6:58  Drone  
  36  7:11  Drone x2  
  36  7:14  Hatchery  
  37  7:18  Drone x2  
  38  7:23  Drone  
  38  7:24  Drone  
  38  7:28  Drone  
  41  7:33  Drone  
  42  7:37  Drone  
  42  7:40  Drone  
  42  7:41  Drone  
  45  7:44  Drone  
  46  8:01  Drone x6  
  52  8:16  Overlord x2, Roach Warren  
  50  8:50  Zergling x24  
  62  8:56  Roach  
Show
View Real Time Build Order
Export as new Build Order

TimeSeries Zerg - Winner!

Build Orders: Pool First 

Get SALT Encoding   

  12  0:01  Drone  
  13  0:08  Drone  
  14  0:26  Spawning Pool  
  13  0:29  Extractor  
  13  0:31  Drone  
  13  0:36  Drone  
  14  0:44  Overlord  
  14  1:13  Queen, Zergling x6  
  19  1:24  Zergling x2  
  20  1:29  Metabolic Boost  
  20  1:34  Zergling x2  
  21  1:45  Zergling x2  
  22  2:05  Hatchery  
  21  2:16  Overlord  
  18  2:50  Zergling x10  
  23  3:04  Zergling x8  
  27  3:14  Roach Warren  
  27  3:17  Queen  
  27  3:18  Drone  
  29  3:22  Drone  
  29  3:24  Drone  
  28  3:48  Drone x2  
  28  3:49  Zergling x4  
  28  3:51  Drone  
  28  3:52  Drone  
  28  3:53  Drone  
  34  4:05  Drone  
  34  4:06  Drone  
  36  4:23  Overlord  
  35  4:24  Overlord  
  35  4:28  Extractor, Overlord  
  35  4:29  Drone, Extractor  
  34  4:35  Overlord  
  34  4:36  Drone  
  35  4:46  Roach x3  
  35  4:52  Zergling x2  
  42  4:53  Roach  
  42  4:54  Zergling x4  
  43  5:12  Roach, Zergling x2  
  43  5:13  Zergling x2  
  37  5:18  Drone x2  
  39  5:25  Drone x6  
  42  5:35  Evolution Chamber  
  41  5:43  Evolution Chamber  
  40  5:50  Spine Crawler  
  40  5:55  Drone x4  
  40  5:56  Drone x2  
  45  5:59  Drone  
  45  6:01  Drone  
  47  6:10  Drone  
  48  6:12  Spine Crawler, Drone  
  48  6:22  Drone  
  48  6:23  Drone  
  49  6:41  Roach x5  
  49  6:45  Drone x2  
  49  6:46  Drone x2  
  63  6:51  Lair  
  63  6:57  Drone  
  63  6:58  Drone  
  65  7:04  Drone, Extractor  
  65  7:07  Overlord  
  65  7:08  Overlord x3  
  65  7:15  Ravager x2  
  67  7:26  Roach  
  67  7:27  Roach x3  
  75  7:49  Overseer  
  75  7:52  Roach x6  
  87  8:09  Roach  
  87  8:10  Roach x4  
  97  8:15  Roach  
  97  8:18  Overlord x2  
  99  8:26  Overlord x2  
  99  8:42  Evolution Chamber  
  99  8:45  Roach x3  
  99  8:46  Roach x3  
  111  8:50  Roach  
  111  8:51  Roach x3  
  119  9:00  Roach  
  119  9:01  Roach  
  123  9:15  Extractor  
  122  9:17  Hatchery  
  122  9:20  Extractor  
Tags
 
Add a new tag
Caveats
  • Supply blocks, unpowered buildings, or Contaminate may cause inaccurate times.
  • Supply counts are checked every 10 seconds.